 Dungeon Crawl Stone Soup version 0.27-a0-550-ge92ec0ca06 (webtiles) character file.

Game seed: 7819703802839561713

478 gruber the Ducker (level 6, -4/50 HPs)
             Began as a Minotaur Warper on Mar 7, 2021.
             Was an Initiate of Gozag.
             Slain by an unseen horror (7 damage)
             ... on level 5 of the Dungeon.
             The game lasted 00:02:59 (3876 turns).

gruber the Ducker (Minotaur Warper)                 Turns: 3876, Time: 00:03:00

Health: -4/50      AC:  5    Str: 17    XL:     6   Next: 85%
Magic:  7/7        EV: 12    Int: 10    God:    Gozag
Gold:   58         SH:  0    Dex: 10    Spells: 5/7 levels left

rFire    + . .     SeeInvis .   w - +0 hand axe (vamp)
rCold    . . .     Faith    .   (no shield)
rNeg     . . .     Spirit   .   i - +0 ring mail
rPois    .         Reflect  .   (helmet restricted)
rElec    .         Harm     .   (no cloak)
rCorr    .         Rampage  .   (no gloves)
Will     .....                  (no boots)
Stlth    ..........             (no amulet)
HPRegen  0.16/turn              p - +4 ring of slaying
MPRegen  0.10/turn              u - ring of protection from fire

@: no status effects
A: horns 2, retaliatory headbutt
a: Renounce Religion, Potion Petition, Call Merchant, Bribe Branch


You were on level 5 of the Dungeon.
You worshipped Gozag.
Gozag was noncommittal.
You visited 1 branch of the dungeon, and saw 5 of its levels.

You collected 212 gold pieces.
You spent 110 gold pieces at shops.
You paid 44 gold pieces to Gozag.

Inventory:

Hand Weapons
 r - a +0 war axe
 w - a +0 vampiric hand axe (weapon)
Missiles
 e - 5 boomerangs of dispersal
 q - 31 poisoned darts (quivered)
Armour
 b - a +0 leather armour
 i - a +0 ring mail (worn)
Jewellery
 f - a ring of resist corrosion
 p - a +4 ring of slaying (left hand)
 u - a ring of protection from fire (right hand)
Scrolls
 a - 3 scrolls of fog {unknown}
 d - a scroll of blinking
 h - 2 scrolls of noise {unknown}
 j - 5 scrolls of identify {unknown}
 k - a scroll of fear {unknown}
 s - a scroll of magic mapping {unknown}
 t - 4 scrolls of teleportation {unknown}
 v - 2 scrolls of enchant weapon {unknown}
Potions
 c - a potion of mutation {unknown}
 g - 2 potions of degeneration {unknown}
 l - 3 potions of cancellation {unknown}
 m - a potion of curing {unknown}
 n - 4 potions of heal wounds {unknown}
 o - 2 potions of resistance {unknown}
 x - 2 potions of flight {unknown}
 z - a potion of haste {unknown}


   Skills:
 - Level 2.4 Fighting
 - Level 4.0 Axes
 - Level 1.0 Throwing
 - Level 4.0 Armour
 * Level 6.7 Dodging
 - Level 1.3 Spellcasting
 - Level 2.1 Translocations


You had 5 spell levels left.
You knew the following spells:

 Your Spells              Type           Power      Damage    Failure   Level
a - Blink                 Tloc           N/A        N/A       34%         2

Your spell library contained the following spells:

 Spells                   Type           Power      Damage    Failure   Level
 Gell's Gravitas          Tloc           2%         N/A       56%         3
 Lesser Beckoning         Tloc           2%         N/A       56%         3
 Teleport Other           Tloc           5%         N/A       56%         3
 Manifold Assault         Tloc           5%         N/A       93%         4


Dungeon Overview and Level Annotations

Branches:
Dungeon (5/15)
 Temple: D:4-7

Altars:
Elyvilon
Fedhas
Gozag
Nemelex Xobeh
Qazlal
Uskayaw
The Shining One

Shops:
D:4 (


Innate Abilities, Weirdness & Mutations

You have a pair of horns on your head.
You reflexively headbutt those who attack you in melee.


Message History

An orc wizard comes into view. It is wielding a +0 dagger.
The orc wizard shouts!
An ice beast comes into view.
There are monsters nearby!
A worker ant and an orc come into view.
The orc shouts!
There are monsters nearby!
The orc wizard points at itself and mumbles some strange words.
The orc wizard flickers and vanishes!
Deactivating autopickup; reactivate with Ctrl-A.
The sky beast hits you. The sky beast shocks you.
There are monsters nearby!
You barely miss the sky beast. You headbutt the sky beast.
The sky beast is lightly wounded.
Something hits you but does no damage.
The sky beast flickers out of sight!
Something hits you but does no damage.
Unknown command.
Unknown command.
Something hits you but does no damage. Something hits you!
The worker ant closely misses you. Something hits you but does no damage.
Something hits you.
You hear some strange, mumbled words.
You are confused.
Something barely misses you. Something hits you.
The worker ant barely misses you. Something hits you but does no damage.
Something hits you! Something hits you!
* * * LOW HITPOINT WARNING * * *
Something hits you.
* * * LOW HITPOINT WARNING * * *
There is a stone staircase leading down here.
You feel less confused. Something hits you.
* * * LOW HITPOINT WARNING * * *
Something hits you but does no damage. The worker ant barely misses you.
Okay, then.
Something hits you!
You die...
Your body crumbles into a pile of gold.

...............
.#.............#
...#..#.........###
.......#............#
#....#......o.......#...
#........###....?.....#
#........###o....##...#
.)..###...##..........#.
#......@.Y......#....
##.......B.##.........
.#.###..>.......##......... .
................#............
.......................##....#
.###########....#.......#....#
#....#..<.........
#.................
#..##..........###


You could see an ice beast and a worker ant.

Vanquished Creatures
  A phantom (D:5)
  A centaur zombie (D:5)
  2 hounds
  2 iguanas (D:4)
  4 orc wizards (D:4)
  A worker ant (D:5)
  A hound skeleton (D:4)
  3 adders
  3 oozes
  2 worms
  2 leopard geckos
  An orc (D:4)
  2 ball pythons
  5 giant cockroaches
  10 goblins
  7 hobgoblins
  3 jackals (D:1)
  A quokka (D:2)
  11 bats
  3 frilled lizards
  A jackal skeleton (D:4)
  9 kobolds
  A quokka skeleton (D:4)
  11 rats
87 creatures vanquished.

Vanquished Creatures (others)
  A quokka (D:2)
1 creature vanquished.

Grand Total: 88 creatures vanquished

Notes
Turn   | Place    | Note
-------+----------+-------------------------------------------
     0 | D:1      | gruber the Minotaur Warper began the quest for the Orb.
     0 | D:1      | Reached XP level 1. HP: 18/18 MP: 1/1
   246 | D:1      | Reached XP level 2. HP: 25/25 MP: 3/3
   409 | D:1      | Learned a level 2 spell: Blink
   696 | D:1      | Reached XP level 3. HP: 30/30 MP: 4/4
   710 | D:1      | Found a glowing golden altar of the Shining One.
  1056 | D:2      | Found a stormy altar of Qazlal.
  1604 | D:2      | Found a white marble altar of Elyvilon.
  1918 | D:2      | Reached XP level 4. HP: 37/37 MP: 5/5
  2450 | D:3      | Found a hide-covered altar of Uskayaw.
  2583 | D:3      | Found a blossoming altar of Fedhas.
  2776 | D:4      | Reached skill level 3 in Dodging
  2786 | D:4      | Reached XP level 5. HP: 25/42 MP: 6/6
  2801 | D:4      | Reached skill level 4 in Dodging
  3074 | D:4      | Found a sparkling altar of Nemelex Xobeh.
  3074 | D:4      | Found an opulent altar of Gozag.
  3084 | D:4      | Became a worshipper of Gozag Ym Sagoz the Greedy
  3168 | D:4      | Found Muudduan's Weapon Emporium.
  3176 | D:4      | Bought a +0 vampiric hand axe for 110 gold pieces
  3218 | D:4      | Reached skill level 5 in Dodging
  3218 | D:4      | Reached XP level 6. HP: 45/50 MP: 7/7
  3757 | D:5      | Entered Level 5 of the Dungeon
  3767 | D:5      | Reached skill level 6 in Dodging
  3862 | D:5      | Noticed a sky beast
  3863 | D:5      | Noticed an ice beast
  3876 | D:5      | Slain by an unseen horror

Illustrated notes

Levels and vault maps discovered:
D:1:      shiori_arrival_elements, layout_loops_ring, minivault_24,
          tso_metal_star
D:2:      layout_basic, old_standard_altar, elyvilon_altar_4
D:3:      layout_rooms, lemuel_crystal_altar, grunt_ministairs_14,
          fedhas_altar_4
D:4:      layout_loops_corners, grunt_temple_overflow_opulence, serial_shops,
          shop_statue, portal_sewer_entry_d
D:5:      layout_cave_pools, pdpol_wu_jian_five_deadly_venoms,
          marbit_many_paths, ashenzari_altar_1, kennysheep_nondescript,
          minmay_manual_moon, uniq_crazy_yiuf_cottage

Skill      XL: |  1  2  3  4  5  6 |
---------------+-------------------+-----
Axes           | 3 4 |  4.0
Armour         | 3 4 |  4.0
Dodging        | 3 5 6 |  6.7
Fighting       | |  2.4
Throwing       | |  1.0
Spellcasting   | |  1.3
Translocations | |  2.1

Action                   |  1- 3 |  4- 6 || total
-------------------------+-------+-------++-------
Melee: Hand axe          |   111 |    28 ||   139
       Headbutt          |    12 |    17 ||    29
       War axe           |    18 |    85 ||   103
Armor: Leather armour    |    16 |       ||    16
       Ring mail         |    33 |    40 ||    73
Dodge: Dodged            |    86 |    76 ||   162

Table legend: (Time is in decaauts)
 A = Elapsed time spent in this place.
 B = Non-inter-level travel time spent in this place.
 C = Inter-level travel time spent in this place.
 D = Time resting spent in this place.
 E = Time spent auto-exploring this place.
 F = Levels seen in this place.
 G = Mean time per level.
                   A        B        C        D        E       F      G
               +--------+--------+--------+--------+--------+-----+--------+
         Total |   3921 |   3796 |    125 |      5 |   3207 |   5 |  784.2 |
       Dungeon |   3921 |   3796 |    125 |      5 |   3207 |   5 |  784.2 |
               +--------+--------+--------+--------+--------+-----+--------+

Top non-repeatable levels by time:
     D:2: 1302 daAuts
     D:4: 1013 daAuts
     D:1: 975 daAuts
     D:3: 511 daAuts
     D:5: 120 daAuts
